cohdb
Replays
Latest Replays
All Replays
Popular Replays
Top Player Replays
Match Explorer
How It Works
Community
CoH3 Stats
Reddit
Sign in to upload your games and track your stats! →
Sign in with Steam
Match 41762670
Unlisted
Match 41762670
Overview
Messages
Build Orders
End
Kettenkrad Recon Vehicle
Pioneer Squad
Construct Infanterie Kompanie
MG 42 Machine Gun Team
Grenadier Squad
Selects Terror Battlegroup
Selects Machine Gun Camouflage
Grenadier Squad
Construct Luftwaffe Kompanie
221 Scout Car
Medical Bunker
Jäger Squad
Support Elements
Jäger Squad
Wirbelwind Flakpanzer
Jäger Squad
Luftwaffe Officer Quarters
Pioneer Squad
Pioneer Squad
Construct Panzer Kompanie
Selects Contempt for the Weak
Selects Propaganda Leaflet Drop
Selects V1 Rocket Strike
Side Skirts
V1 Rocket Strike
R.R.
NoLifeIsPower
BigTiddyLebron
kreumat
0
0
Comments
sign in to comment!
No comments posted yet!